| TOP OF THE 1ST |
|
State College Spikes batting - Pitching for Cincinnati (NYP) Reds : LHP Josue Silva
|
|
Pitching: LHP Josue Silva
|
|
|
Batting: RHB Bernard Claude
|
0-0: Ball 1-0: Foul Ball, location: 2F 1-1: Foul Ball, location: 2F 1-2: SINGLE (Groundball, 15S, EV 66.2 MPH) (infield hit)
|
|
Batting: RHB Tyler Walker
|
0-0: Called Strike 0-1: Foul Ball, location: 2F 0-2: Ball Bernard Claude is caught stealing 2nd base 2-4 1-2: DOUBLE (Line Drive, 9LS, EV 106.2 MPH)
|
|
Batting: LHB Keith Rice
|
0-0: Called Strike 0-1: Ball 1-1: Swinging Strike 1-2: Strikes out swinging
|
|
Batting: RHB Tommy Tracy
|
0-0: Foul Ball, location: 2F 0-1: Foul Ball, location: 2F 0-2: Foul Ball, location: 2F 0-2: Fly out, F8 (Flyball, 8RM, EV 95.6 MPH)
|
| Top of the 1st over - 0 runs, 2 hits, 0 errors, 1 left on base; State College 0 - Cincinnati (NYP) 0 |
| BOTTOM OF THE 1ST |
|
Cincinnati (NYP) Reds batting - Pitching for State College Spikes : RHP Marcos Vergara
|
|
Pitching: RHP Marcos Vergara
|
|
|
Batting: RHB Eric Sullivan
|
0-0: Called Strike 0-1: Ball 1-1: Foul Ball, location: 2F 1-2: Ground out 3-1 (Groundball, 34S, EV 89.4 MPH)
|
|
Batting: RHB Kagetoki Kawai
|
0-0: Swinging Strike 0-1: Ball 1-1: Foul Ball, location: 2F 1-2: Strikes out looking
|
|
Batting: LHB Chris Redhead
|
0-0: Called Strike 0-1: Ball 1-1: Ball 2-1: Ball 3-1: Called Strike 3-2: Strikes out swinging
|
| Bottom of the 1st over - 0 runs, 0 hits, 0 errors, 0 left on base; State College 0 - Cincinnati (NYP) 0 |
| TOP OF THE 2ND |
|
State College Spikes batting - Pitching for Cincinnati (NYP) Reds : LHP Josue Silva
|
|
Batting: LHB Travis Ruppel
|
0-0: Ball 1-0: Foul Ball, location: 2F 1-1: Ball 2-1: Ball 3-1: Base on Balls
|
|
Batting: RHB Chris Norris
|
0-0: Ball 1-0: Ball 2-0: Ball 3-0: Base on Balls Travis Ruppel to second
|
|
Batting: RHB Brad Payne
|
0-0: Ball Passed Ball! Travis Ruppel to third Chris Norris to second 1-0: Called Strike 1-1: Swinging Strike 1-2: Foul Ball, location: 2F 1-2: Strikes out swinging
|
|
Batting: RHB Robby Hickman
|
0-0: Ball 1-0: Foul Ball, location: 2LF, Error on foul ball, E2 1-1: Foul Ball, location: 2F 1-2: SINGLE (Groundball, 6MD, EV 108.1 MPH) Travis Ruppel scores Chris Norris to third Runner from 3rd tries for Home, SAFE, throw by CF to home
|
|
Batting: RHB Ben Politi
|
0-0: Swinging Strike 0-1: Foul Ball, location: 2F 0-2: Ball 1-2: Ball 2-2: Strikes out looking
|
|
Batting: RHB Bernard Claude
|
0-0: Ball Robby Hickman is caught stealing 2nd base 2-4
|
| Top of the 2nd over - 2 runs, 1 hit, 1 error, 0 left on base; State College 2 - Cincinnati (NYP) 0 |
| BOTTOM OF THE 2ND |
|
Cincinnati (NYP) Reds batting - Pitching for State College Spikes : RHP Marcos Vergara
|
|
Now in LF: Tim Jobe
|
|
|
Batting: RHB Jonathan Robies
|
0-0: Foul Ball, location: 2F 0-1: Ground out 4-3 (Groundball, 4, EV 106.2 MPH)
|
|
Batting: SHB Rich Ranaldi
|
0-0: Called Strike 0-1: Ball 1-1: Called Strike 1-2: Foul Ball, location: 2F 1-2: Foul Ball, location: 2F 1-2: Ball 2-2: Ball 3-2: Base on Balls
|
|
Batting: SHB Jaivata Mohanty
|
0-0: Ball 1-0: Ball 2-0: Ball 3-0: Foul Ball, location: 2F 3-1: Base on Balls Rich Ranaldi to second
|
|
Batting: RHB Hector Maldonado
|
0-0: Ball 1-0: Ball 2-0: Ball 3-0: Called Strike 3-1: Base on Balls Rich Ranaldi to third Jaivata Mohanty to second
|
|
Batting: RHB Tim Walter
|
0-0: Called Strike 0-1: Ball 1-1: Foul Ball, location: 2F 1-2: Strikes out swinging
|
|
Batting: SHB Travis Morris
|
0-0: Ball 1-0: Foul Ball, location: 2F 1-1: Swinging Strike 1-2: Strikes out swinging
|
| Bottom of the 2nd over - 0 runs, 0 hits, 0 errors, 3 left on base; State College 2 - Cincinnati (NYP) 0 |
| TOP OF THE 3RD |
|
State College Spikes batting - Pitching for Cincinnati (NYP) Reds : LHP Josue Silva
|
|
Batting: RHB Bernard Claude
|
0-0: Ball 1-0: Ball 2-0: Swinging Strike 2-1: Ball 3-1: Foul Ball, location: 2F 3-2: Fly out, F7 (Line Drive, 78M, EV 107.5 MPH)
|
|
Batting: RHB Tyler Walker
|
0-0: Ball 1-0: Foul Ball, location: 2F 1-1: Foul Ball, location: 2F 1-2: Foul Ball, location: 2F 1-2: Ball 2-2: Foul Ball, location: 2F 2-2: Ball 3-2: Ground out 5-3 (Groundball, 56S, EV 68.1 MPH)
|
|
Batting: LHB Keith Rice
|
0-0: Called Strike 0-1: Ball 1-1: SINGLE (Groundball, 4D, EV 100.0 MPH)
|
|
Batting: RHB Tommy Tracy
|
0-0: Foul Ball, location: 2F 0-1: Foul Ball, location: 2F 0-2: Ball 1-2: Ball 2-2: Ball 3-2: Foul Ball, location: 2F 3-2: Ground out 6-3 (Groundball, 6, EV 83.8 MPH)
|
| Top of the 3rd over - 0 runs, 1 hit, 0 errors, 1 left on base; State College 2 - Cincinnati (NYP) 0 |
| BOTTOM OF THE 3RD |
|
Cincinnati (NYP) Reds batting - Pitching for State College Spikes : RHP Marcos Vergara
|
|
Batting: RHB Eric Sullivan
|
0-0: Foul Ball, location: 2F 0-1: Called Strike 0-2: Ball 1-2: Ball 2-2: Ball 3-2: Reached on error, E9 (Flyball, 89XD, EV 93.1 MPH)
|
|
Batting: RHB Kagetoki Kawai
|
0-0: Ball Eric Sullivan steals 2nd, throwing error, E2 Eric Sullivan to third 1-0: Ball 2-0: Foul Ball, location: 2F 2-1: Foul Ball, location: 2F 2-2: Ball 3-2: Ground out U3 (Groundball, 3S, EV 95.0 MPH)
|
|
Batting: LHB Chris Redhead
|
0-0: Ball 1-0: Ball 2-0: Ball 3-0: Base on Balls
|
|
Batting: RHB Jonathan Robies
|
0-0: Ball 1-0: Ball 2-0: Ball 3-0: Base on Balls Chris Redhead to second
|
|
Batting: SHB Rich Ranaldi
|
0-0: SINGLE (Groundball, 4MD, EV 100.6 MPH) Eric Sullivan scores Chris Redhead to third Jonathan Robies to second Runner from 3rd tries for Home, throw by CF and OUT! 8-2
|
|
Batting: SHB Jaivata Mohanty
|
0-0: Ground out U3 (Groundball, 3, EV 78.1 MPH)
|
| Bottom of the 3rd over - 1 run, 1 hit, 2 errors, 2 left on base; State College 2 - Cincinnati (NYP) 1 |
| TOP OF THE 4TH |
|
State College Spikes batting - Pitching for Cincinnati (NYP) Reds : LHP Josue Silva
|
|
Batting: LHB Travis Ruppel
|
0-0: Fly out, F7 (Flyball, 7, EV 96.9 MPH)
|
|
Batting: RHB Tim Jobe
|
0-0: DOUBLE (Groundball, 5L, EV 93.8 MPH)
|
|
Batting: RHB Brad Payne
|
0-0: Ball 1-0: SINGLE (Groundball, 34S, EV 74.4 MPH) (infield hit) Tim Jobe to third
|
|
Batting: RHB Robby Hickman
|
0-0: Swinging Strike 0-1: Foul Ball, location: 2F 0-2: Ball 1-2: Ball 2-2: Ball 3-2: Base on Balls Brad Payne to second
|
|
Batting: RHB Ben Politi
|
0-0: Ball 1-0: Foul Ball, location: 2F 1-1: Foul Ball, location: 2F 1-2: Ball 2-2: Strikes out swinging
|
|
Pitching: RHP Dave Baber
|
|
|
Batting: RHB Bernard Claude
|
0-0: Ball 1-0: Foul Ball, location: 2F 1-1: Called Strike 1-2: Foul Ball, location: 2F 1-2: Ball 2-2: Strikes out looking
|
| Top of the 4th over - 0 runs, 2 hits, 0 errors, 3 left on base; State College 2 - Cincinnati (NYP) 1 |
| BOTTOM OF THE 4TH |
|
Cincinnati (NYP) Reds batting - Pitching for State College Spikes : RHP Marcos Vergara
|
|
Batting: RHB Hector Maldonado
|
0-0: DOUBLE (Flyball, 78D, EV 101.9 MPH)
|
|
Batting: RHB Tim Walter
|
0-0: Ball 1-0: Swinging Strike 1-1: Ball 2-1: Foul Ball, location: 2F 2-2: Ball 3-2: Base on Balls
|
|
Batting: SHB Travis Morris
|
0-0: Called Strike 0-1: Swinging Strike 0-2: Ball 1-2: Foul Ball, location: 2F 1-2: Fielders Choice at 2nd, 4-6 (Groundball, 4, EV 107.5 MPH) Hector Maldonado to third
|
|
Batting: RHB Eric Sullivan
|
0-0: Foul Ball, location: 2F Balk! Hector Maldonado scores Travis Morris to second 0-1: Called Strike 0-2: Ball 1-2: Ball 2-2: Ball 3-2: Foul Ball, location: 2F 3-2: Base on Balls
|
|
Batting: RHB Kagetoki Kawai
|
0-0: Swinging Strike 0-1: Called Strike 0-2: Strikes out swinging
|
|
Pitching: LHP Andy Fitzsimmons
|
|
|
Batting: LHB Chris Redhead
|
0-0: Ball 1-0: Ball Wild Pitch! Travis Morris to third Eric Sullivan to second 2-0: Ball Passed Ball! Travis Morris scores Eric Sullivan to third 3-0: Base on Balls
|
|
Batting: RHB Jonathan Robies
|
0-0: Ball 1-0: Ball 2-0: Ball 3-0: Base on Balls Chris Redhead to second
|
|
Batting: SHB Rich Ranaldi
|
0-0: Swinging Strike 0-1: Swinging Strike 0-2: Strikes out swinging
|
| Bottom of the 4th over - 2 runs, 1 hit, 0 errors, 3 left on base; State College 2 - Cincinnati (NYP) 3 |
| TOP OF THE 5TH |
|
State College Spikes batting - Pitching for Cincinnati (NYP) Reds : RHP Dave Baber
|
|
Batting: RHB Tyler Walker
|
0-0: Called Strike 0-1: Foul Ball, location: 2F 0-2: Ball 1-2: Fly out, F3 (Line Drive, 34, EV 60.0 MPH)
|
|
Batting: LHB Keith Rice
|
0-0: Called Strike 0-1: Ball 1-1: Ball 2-1: Foul Ball, location: 2F 2-2: Strikes out swinging
|
|
Batting: RHB Tommy Tracy
|
0-0: Called Strike 0-1: Ball 1-1: Foul Ball, location: 2F 1-2: Ball 2-2: Strikes out swinging
|
| Top of the 5th over - 0 runs, 0 hits, 0 errors, 0 left on base; State College 2 - Cincinnati (NYP) 3 |
| BOTTOM OF THE 5TH |
|
Cincinnati (NYP) Reds batting - Pitching for State College Spikes : LHP Andy Fitzsimmons
|
|
Batting: SHB Jaivata Mohanty
|
0-0: Called Strike 0-1: Ball 1-1: DOUBLE (Line Drive, 5D, EV 100.0 MPH)
|
|
Batting: RHB Hector Maldonado
|
0-0: Ball 1-0: Foul Ball, location: 2F 1-1: Called Strike 1-2: Ball 2-2: Foul Ball, location: 2F 2-2: Ball 3-2: Ground out 3-1 (Groundball, 34S, EV 77.5 MPH) Jaivata Mohanty to third
|
|
Batting: RHB Tim Walter
|
0-0: Ball 1-0: Ground out 5-3 (Groundball, 5, EV 108.1 MPH)
|
|
Batting: SHB Travis Morris
|
0-0: Ball 1-0: Called Strike 1-1: Foul Ball, location: 2F 1-2: Ball 2-2: Foul Ball, location: 2F 2-2: Strikes out swinging
|
| Bottom of the 5th over - 0 runs, 1 hit, 0 errors, 1 left on base; State College 2 - Cincinnati (NYP) 3 |
| TOP OF THE 6TH |
|
State College Spikes batting - Pitching for Cincinnati (NYP) Reds : RHP Dave Baber
|
|
Batting: LHB Travis Ruppel
|
0-0: Ball 1-0: Foul Ball, location: 2F 1-1: Fly out, F5 (Popup, 5, EV 75.0 MPH)
|
|
Batting: RHB Tim Jobe
|
0-0: Called Strike 0-1: Ball 1-1: Ball 2-1: Foul Ball, location: 2F 2-2: Strikes out swinging
|
|
Batting: RHB Brad Payne
|
0-0: Called Strike 0-1: Ball 1-1: Ball 2-1: Ball 3-1: Ground out 4-3 (Groundball, 4, EV 109.4 MPH)
|
| Top of the 6th over - 0 runs, 0 hits, 0 errors, 0 left on base; State College 2 - Cincinnati (NYP) 3 |
| BOTTOM OF THE 6TH |
|
Cincinnati (NYP) Reds batting - Pitching for State College Spikes : LHP Andy Fitzsimmons
|
|
Batting: RHB Eric Sullivan
|
0-0: Swinging Strike 0-1: Called Strike 0-2: Strikes out swinging
|
|
Batting: RHB Kagetoki Kawai
|
0-0: Called Strike 0-1: Ball 1-1: Ball 2-1: Ground out 5-3 (Groundball, 5S, EV 61.9 MPH)
|
|
Batting: LHB Chris Redhead
|
0-0: Foul Ball, location: 2F 0-1: Ball 1-1: Foul Ball, location: 2F 1-2: Ground out 5-3 (Groundball, 5, EV 87.5 MPH)
|
| Bottom of the 6th over - 0 runs, 0 hits, 0 errors, 0 left on base; State College 2 - Cincinnati (NYP) 3 |
| TOP OF THE 7TH |
|
State College Spikes batting - Pitching for Cincinnati (NYP) Reds : RHP Dave Baber
|
|
Pitching: RHP Marcus Jackson
|
|
|
Batting: RHB Robby Hickman
|
0-0: Ball 1-0: Ball 2-0: Called Strike 2-1: Ball 3-1: Called Strike 3-2: Ground out U3 (Groundball, 34, EV 83.8 MPH)
|
|
Batting: RHB Ben Politi
|
0-0: Ball 1-0: Swinging Strike 1-1: Called Strike 1-2: Ball 2-2: Strikes out looking
|
|
Batting: RHB Bernard Claude
|
0-0: Called Strike 0-1: Ball 1-1: Swinging Strike 1-2: Foul Ball, location: 2F 1-2: Strikes out looking
|
| Top of the 7th over - 0 runs, 0 hits, 0 errors, 0 left on base; State College 2 - Cincinnati (NYP) 3 |
| BOTTOM OF THE 7TH |
|
Cincinnati (NYP) Reds batting - Pitching for State College Spikes : LHP Andy Fitzsimmons
|
|
Pitching: RHP Jeremy Bonita
|
|
|
Batting: RHB Jonathan Robies
|
0-0: Fly out, F9 (Flyball, 9LS, EV 78.8 MPH)
|
|
Batting: SHB Rich Ranaldi
|
0-0: Ball 1-0: Called Strike 1-1: Ball 2-1: Foul Ball, location: 2F 2-2: Foul Ball, location: 2F 2-2: Foul Ball, location: 2F 2-2: Foul Ball, location: 2F 2-2: Ball 3-2: Base on Balls
|
|
Batting: SHB Jaivata Mohanty
|
0-0: Ball 1-0: Foul Ball, location: 2F 1-1: Ball 2-1: Ball 3-1: DOUBLE (Flyball, 78D, EV 95.0 MPH) Rich Ranaldi to third
|
|
Batting: RHB Hector Maldonado
|
0-0: Foul Ball, location: 2F 0-1: Ball Passed Ball! Rich Ranaldi scores Jaivata Mohanty to third 1-1: Called Strike 1-2: Strikes out swinging
|
|
Batting: RHB Tim Walter
|
0-0: Ground out 5-3 (Groundball, 56S, EV 86.2 MPH)
|
| Bottom of the 7th over - 1 run, 1 hit, 0 errors, 1 left on base; State College 2 - Cincinnati (NYP) 4 |
| TOP OF THE 8TH |
|
State College Spikes batting - Pitching for Cincinnati (NYP) Reds : RHP Marcus Jackson
|
|
Pitching: RHP Jeremy Whooley
|
|
|
Batting: RHB Tyler Walker
|
0-0: Ball 1-0: Called Strike 1-1: Swinging Strike 1-2: Strikes out swinging
|
|
Batting: LHB Keith Rice
|
0-0: Ball 1-0: Ball 2-0: Ball 3-0: Base on Balls
|
|
Batting: RHB Tommy Tracy
|
0-0: SINGLE (Groundball, 25, EV 65.6 MPH) (infield hit) Keith Rice to second
|
|
Batting: LHB Travis Ruppel
|
0-0: Called Strike 0-1: Foul Ball, location: 2F 0-2: Grounds into double play, 4-6-3 (Groundball, 4, EV 86.2 MPH)
|
| Top of the 8th over - 0 runs, 1 hit, 0 errors, 1 left on base; State College 2 - Cincinnati (NYP) 4 |
| BOTTOM OF THE 8TH |
|
Cincinnati (NYP) Reds batting - Pitching for State College Spikes : RHP Jeremy Bonita
|
|
Pitching: LHP Kevin Turner
|
|
|
Batting: SHB Travis Morris
|
0-0: Swinging Strike 0-1: Foul Ball, location: 2F 0-2: Strikes out swinging
|
|
Batting: RHB Eric Sullivan
|
0-0: Called Strike 0-1: Swinging Strike 0-2: Foul Ball, location: 2F 0-2: Ball 1-2: Fly out, F9 (Flyball, 9, EV 83.8 MPH)
|
|
Batting: RHB Kagetoki Kawai
|
0-0: Ball 1-0: SOLO HOME RUN (Flyball, 7D, EV 98.1 MPH), Distance : 395 ft
|
|
Batting: LHB Chris Redhead
|
0-0: Ball 1-0: Foul Ball, location: 2F 1-1: Called Strike 1-2: Strikes out swinging
|
| Bottom of the 8th over - 1 run, 1 hit, 0 errors, 0 left on base; State College 2 - Cincinnati (NYP) 5 |
| TOP OF THE 9TH |
|
State College Spikes batting - Pitching for Cincinnati (NYP) Reds : RHP Jeremy Whooley
|
|
Pitching: RHP Kyle Vance
|
|
|
Batting: RHB Tim Jobe
|
0-0: Ball 1-0: Ball 2-0: Ball 3-0: Called Strike 3-1: Swinging Strike 3-2: Fly out, F9 (Flyball, BS7, EV 98.8 MPH)
|
|
Batting: RHB Brad Payne
|
0-0: Ball 1-0: Swinging Strike 1-1: Foul Ball, location: 2F 1-2: Strikes out swinging
|
|
Batting: RHB Robby Hickman
|
0-0: Called Strike 0-1: Foul Ball, location: 2F 0-2: Ball 1-2: Ball 2-2: Foul Ball, location: 2F 2-2: DOUBLE (Flyball, 89D, EV 103.1 MPH)
|
|
Batting: RHB Ben Politi
|
0-0: Ball Wild Pitch! Robby Hickman to third 1-0: Foul Ball, location: 2F 1-1: Foul Ball, location: 2F 1-2: Ball 2-2: Strikes out swinging
|
| Top of the 9th over - 0 runs, 1 hit, 0 errors, 1 left on base; State College 2 - Cincinnati (NYP) 5 |
|